AoeStats
← TuCAAA :D

Glade

510622204Analyzed
1v1 RM · 1d ago on Oct 1, 2026· 46m 56s· 2 players
Game mode
Random Map
Map size
Tiny (2 player)
Population
200
Speed
Normal
Resources
Standard
Victory
Conquest
Starting age
Dark Age
Ending age
Imperial Age
RankedLock teamsTeams togetherTeam positionsShared explorationLock speedFull tech treeHidden civsTurbo modeCheats
Victory
Defeat
🇦🇷 Teutons · Argentina
1126
+15
🇨🇿 Bulgarians · Czechia
1094
-15
Rifius
10:02 Feudal Age
10:01 Loom
10:57 Double-Bit Axe
12:24 Horse Collar
21:43 Castle Age
20:10 Gold Mining
22:06 Wheelbarrow
21:17 Town Watch
22:13 Bloodlines
22:12 Scale Barding Armor
22:18 Forging
22:30 Husbandry
22:09 Elite Skirmisher
22:52 Squires
22:40 Gambesons
23:55 Chain Barding Armor
26:15 Bow Saw
26:13 Pikeman
26:55 Scale Mail Armor
27:39 Iron Casting
26:32 Light Cavalry
36:27 Hand Cart
42:15 Imperial Age
42:59 Hussar
43:59 Chain Mail Armor
44:45 Blast Furnace
46:26 Conscription
46:49 Arson
TuCAAA :D
10:00 Feudal Age
10:05 Loom
14:40 Castle Age
13:09 Double-Bit Axe
17:28 Bow Saw
18:41 Horse Collar
21:40 Forging
22:34 Scale Barding Armor
24:03 Iron Casting
29:08 Chain Barding Armor
29:49 Fletching
30:27 Pikeman
32:00 Wheelbarrow
31:29 Scale Mail Armor
31:37 Squires
33:22 Chain Mail Armor
38:10 Imperial Age
38:07 Bodkin Arrow
38:20 Halberdier
39:32 Plate Mail Armor
40:44 Conscription
40:33 Gold Mining
42:36 Chemistry
Connection lost

Rejoining the realm…

Still unreachable

The connection could not be restored.

Session expired

The server has moved on; the page needs a fresh start.